 Dungeon Crawl Stone Soup version 0.27-a0-668-gb5737ff2c0 (webtiles) character file.

Game seed: 17133064147520647256

117320 robertstho the Brawler (level 16, -1/234 HPs)
             Began as a Troll Fighter on Mar 17, 2021.
             Was an Initiate of Gozag.
             Slain by an anaconda (4 damage)
             ... on level 1 of the Snake Pit.
             The game lasted 00:46:17 (19389 turns).

robertstho the Brawler (Troll Fighter)             Turns: 19389, Time: 00:46:17

Health: -1/234     AC: 13    Str: 32    XL:     16   Next: 22%
Magic:  14/15      EV: 11    Int:  5    God:    Gozag
Gold:   3649       SH: 25    Dex:  9    Spells: 15/15 levels left

rFire    . . .     SeeInvis .     - Unarmed
rCold    . . .     Faith    .   x - +1 tower shield {AC+3}
rNeg     + . .     Spirit   .   a - +0 robe
rPois    +         Reflect  +   i - +2 hat {Stlth+}
rElec    .         Harm     .   C - +2 cloak of the Past {rN+ Will+++}
rCorr    .         Rampage  .   (gloves unavailable)
Will     ++++.                  (boots unavailable)
Stlth    ..........             e - amulet of reflection
HPRegen  1.49/turn              o - ring of poison resistance
MPRegen  0.14/turn              j - +4 ring of evasion

@: berserking (expiring), lethally poisoned (-1 -> -7), gold aura, constricted,
very quick
A: large, unfitting armour, claws 3, regeneration 1, shaggy fur 1, tough skin 1
a: Renounce Religion, Potion Petition, Call Merchant, Bribe Branch


You were on level 1 of the Snake Pit.
You worshipped Gozag.
Gozag was most pleased with you.
You visited 5 branches of the dungeon, and saw 23 of its levels.

You collected 8024 gold pieces.
You spent 3799 gold pieces at shops.
You paid 576 gold pieces to Gozag.

Inventory:

Hand Weapons
 s - a +3 war axe of flaming
 z - the +10 broad axe of Gehenna {venom, rF+ Dex-5 SInv}
   (You bought it in a shop on level 3 of the Lair of Beasts)

   It poisons the flesh of those it strikes.
   It affects your dexterity (-5).
   It protects you from fire.
   It lets you see invisible.
 D - the +12 war axe "Qinouja" {speed, rPois rC- Will- Str+5}
   (You bought it in a shop on level 3 of the Lair of Beasts)

   Attacks with this weapon are significantly faster.
   It affects your strength (+5).
   It makes you vulnerable to cold.
   It protects you from poison.
   It affects your willpower, your defense against some magical effects.
Missiles
 I - 7 large rocks (quivered)
Armour
 a - a +0 robe (worn)
 i - a +2 hat of stealth (worn)
 x - a +1 tower shield of protection (worn)
 C - the +2 cloak of the Past (worn) {rN+ Will+++}
   (You bought it in a shop on level 2 of the Orcish Mines)

   It protects you from negative energy.
   It affects your willpower, your defense against some magical effects.
Jewellery
 d - a +6 ring of dexterity
 e - an amulet of reflection (around neck)
 j - a +4 ring of evasion (left claw)
 k - a ring of protection from cold
 n - a ring of protection from cold
 o - a ring of poison resistance (right claw)
 v - an amulet of guardian spirit
 O - a ring of fire
Wands
 b - a wand of digging (8)
 t - a wand of iceblast (9)
 A - a wand of mindburst (5)
 K - a wand of acid (7)
Scrolls
 g - 5 scrolls of magic mapping
 l - 4 scrolls of enchant weapon
 q - 5 scrolls of enchant armour
 u - 2 scrolls of immolation
 y - 5 scrolls of teleportation
 B - a scroll of holy word
 E - a scroll of summoning
 G - 7 scrolls of identify
 N - 3 scrolls of blinking
Potions
 c - 2 potions of might
 f - a potion of berserk rage
 h - 3 potions of flight
 m - 13 potions of curing
 p - 3 potions of cancellation
 r - a potion of ambrosia
 w - a potion of magic
 Q - a potion of mutation
Miscellaneous
 L - a tin of tremorstones (2/2)
 P - a box of beasts


   Skills:
 * Level 9.3 Fighting
 + Level 5.5 Axes
 + Level 2.5 Throwing
 * Level 9.4 Armour
 + Level 8.1 Dodging
 - Level 1.8 Stealth
 + Level 9.5 Shields
 * Level 16.8 Unarmed Combat
 + Level 2.4 Evocations


You had 15 spell levels left.
You didn't know any spells.
Your spell library contained the following spells:

 Spells                   Type           Power      Damage    Failure   Level
 Corona                   Hex            0%         N/A       86%         1
 Magic Dart               Conj           0%         1d3       86%         1
 Pain                     Necr           0%         1d4       86%         1
 Sting                    Tmut/Pois      0%         1d3       86%         1
 Blink                    Tloc           N/A        N/A       95%         2
 Call Imp                 Summ           0%         N/A       95%         2
 Corpse Rot               Necr/Air       N/A        N/A       95%         2
 Ensorcelled Hibernation  Hex/Ice        0%         N/A       95%         2
 Poisonous Vapours        Pois/Air       0%         N/A       95%         2
 Searing Ray              Conj           0%         3d3       95%         2
 Slow                     Hex            0%         N/A       95%         2
 Sublimation of Blood     Necr           0%         N/A       95%         2
 Swiftness                Air            0%         N/A       95%         2
 Confusing Touch          Hex            0%         N/A       99%         3
 Conjure Flame            Conj/Fire      0%         6-21      99%         3
 Dazzling Flash           Conj/Hex       0%         N/A       99%         3
 Gell's Gravitas          Tloc           0%         N/A       99%         3
 Ignite Poison            Fire/Tmut/Pois 0%         N/A       99%         3
 Mephitic Cloud           Conj/Pois/Air  0%         N/A       99%         3
 Tukima's Dance           Hex            0%         N/A       99%         3
 Fulminant Prism          Conj/Hex       0%         3d6       100%        4
 Iskenderun's Mystic Bla  Conj/Tloc      0%         2d3       100%        4
 Olgreb's Toxic Radiance  Pois           0%         N/A       100%        4
 Petrify                  Tmut/Erth      0%         N/A       100%        4
 Alistair's Intoxication  Tmut/Pois      0%         N/A       100%        5
 Excruciating Wounds      Necr           0%         N/A       100%        5
 Irradiate                Conj/Tmut      0%         3d13      100%        5
 Metabolic Englaciation   Hex/Ice        0%         N/A       100%        5
 Silence                  Hex/Air        0%         N/A       100%        5
 Yara's Violent Unravell  Hex/Tmut       0%         3d3       100%        5
 Eringya's Noxious Bog    Tmut/Pois      0%         N/A       100%        6


Dungeon Overview and Level Annotations

Branches:
Dungeon (13/15)            Temple (1/1) D:7            Lair (6/6) D:10
  Swamp (0/4) Lair:2        Snake (1/4) Lair:3        Slime (0/5) Lair:5
    Orc (2/2) D:9             Elf (0/3) Orc:2
 Vaults: D:13-14

Altars:
Ashenzari
Cheibriados
Dithmenos
Elyvilon
Fedhas
Gozag
Hepliaklqana
Kikubaaqudgha
Makhleb
Nemelex Xobeh
Okawaru
Qazlal
Ru
Sif Muna
Trog
Vehumet
Wu Jian
Yredelemnul
The Shining One
Beogh

Shops:
D:6 [(**   D:10 *(?   D:11 ?(=!   D:12 *   Orc:2 *?[[=   Lair:3 *

Annotations:
D:6 1028 hat


Innate Abilities, Weirdness & Mutations

You are too large for most types of armour.
You have claws for hands.
Your natural rate of healing is unusually fast.
You are covered in fur. (AC +1)
You have tough skin. (AC +1)


Message History

* * * LOW HITPOINT WARNING * * *
You closely miss the naga ritualist.
The naga ritualist is almost dead.
You feel very sick.
The anaconda bites you but does no damage.
The black mamba completely misses you.
Unknown command.
You scratch the naga ritualist.
You kill the naga ritualist!
You feel sick. You block the anaconda's attack. x2
The black mamba bites you but does no damage.
Unknown command.
You barely miss the anaconda.
You feel sick.
The anaconda becomes distracted by the nearby gold, dreaming of imaginary riches.
You block the black mamba's attack.
The anaconda hisses angrily.
You barely miss the black mamba.
You feel sick.
The anaconda is no longer distracted by gold.
You block the anaconda's attack. The anaconda closely misses you.
The black mamba bites you.
* * * LOW HITPOINT WARNING * * *
You closely miss the black mamba.
You feel sick.
You block the anaconda's attack. x2; The black mamba bites you!
* * * LOW HITPOINT WARNING * * *
You claw the black mamba!
The black mamba is moderately wounded.
* * * LOW HITPOINT WARNING * * *
You feel sick. You block the anaconda's attack. x2
You block the black mamba's attack.
You mangle the black mamba!!
The black mamba is almost dead.
* * * LOW HITPOINT WARNING * * *
You feel sick. You block the anaconda's attack. x2
The black mamba barely misses you.
You mangle the black mamba!!
You kill the black mamba!
* * * LOW HITPOINT WARNING * * *
You feel sick. The anaconda grabs you. You block the anaconda's attack.
You die...
Your body crumbles into a pile of gold.

### ... #
###########.#### ..
##...##.......(.#
...##.....##.......#
..''...#...##(....##
...''.$$....''.....##
#S@.....''..#..## $
##$....##.......##
##...##.........#
#########.######
#...# #...# ..#...##
#.#....## ###.
#.####..##


You could see an anaconda.

Vanquished Creatures
  Gastronok (D:8)
  An orc warlord (Orc:2)
  Snorg (D:10)
  Josephine (Lair:4)
  8 hydras
  A boulder beetle (Lair:5)
  A catoblepas (Lair:2)
  A naga warrior (Snake:1)
  5 death yaks (Lair:6)
  7 orc high priests (Orc:2)
  A two-headed ogre (D:9)
  Nergalle (Lair:2)
  A skeletal warrior (D:12)
  An unseen horror (D:10)
  A naga ritualist (Snake:1)
  4 orc knights
  Pikel (D:5)
  2 mana vipers (Snake:1)
  A manticore (D:12)
  An ugly thing (D:12)
  2 cyclopes
  Joseph (D:9)
  7 black mambas
  A naga mage (Snake:1)
  An ice statue (D:10)
  6 elephants
  26 cane toads
  3 gargoyles
  14 komodo dragons
  6 rime drakes
  6 polar bears
  9 trolls
  19 blink frogs
  3 tyrant leeches (Lair:6)
  3 slime creatures
  5 wyverns
  54 yaks
  5 wraiths (Lair:4)
  9 vampire mosquitoes
  3 basilisks
  10 nagas
  8 wargs (Orc:2)
  11 water moccasins
  38 orc warriors
  2 black bears
  An ice beast (D:9)
  10 ogres
  16 wolves
  A sky beast (D:8)
  2 centaurs
  A kobold brigand (D:8)
  28 bullfrogs
  4 scorpions
  A water moccasin skeleton (D:6)
  14 wights
  3 killer bees (D:9)
  7 electric eels
  A howler monkey (D:4)
  3 centaur zombies
  42 orc priests
  A bullfrog zombie (D:11)
  15 hounds
  16 jellies
  A bullfrog skeleton (D:4)
  A gnoll shaman (D:6)
  4 centaur skeletons
  Ijyb (D:3)
  4 iguanas
  35 orc wizards
  7 worker ants
  2 hound zombies
  2 hound skeletons
  A worker ant zombie (D:7)
  9 gnolls
  12 adders
  2 howler monkey skeletons (D:6)
  2 shadow imps
  4 white imps
  6 ufetubi
  6 oozes
  An adder zombie (D:5)
  2 worms
  3 dart slugs
  6 leopard geckos
  139 orcs
  4 ball pythons
  4 giant cockroaches
  6 hobgoblins
  12 jackals
  5 quokkas
  A ball python skeleton (D:5)
  4 bats
  2 frilled lizards
  12 goblins
  A jackal skeleton (D:7)
  5 kobolds
  A rat (D:1)
766 creatures vanquished.

Vanquished Creatures (others)
  3 bushes (Lair:6)
  35 fungi
  114 plants
152 creatures vanquished.

Grand Total: 918 creatures vanquished

Notes
Turn   | Place    | Note
-------+----------+-------------------------------------------
     0 | D:1      | robertstho the Troll Fighter began the quest for the Orb.
     0 | D:1      | Reached XP level 1. HP: 22/22 MP: 0/0
   154 | D:1      | Reached XP level 2. HP: 29/29 MP: 1/1
   647 | D:2      | Reached XP level 3. HP: 36/36 MP: 2/2
   688 | D:2      | Found a basalt altar of Yredelemnul.
   817 | D:2      | Found a basalt altar of Yredelemnul.
   830 | D:2      | Reached skill level 1 in Armour
   836 | D:2      | Reached skill level 3 in Unarmed Combat
   836 | D:2      | Reached XP level 4. HP: 44/44 MP: 3/3
  1410 | D:3      | Found a stormy altar of Qazlal.
  1661 | D:3      | Noticed Ijyb
  1673 | D:3      | Killed Ijyb
  1674 | D:3      | Reached XP level 5. HP: 30/52 MP: 4/4
  1737 | D:3      | Identified the Handbook of Flying Stolen Souls
  1757 | D:3      | Found a snail-covered altar of Cheibriados.
  1827 | D:3      | Found a radiant altar of Vehumet.
  1931 | D:4      | Reached skill level 4 in Unarmed Combat
  2122 | D:4      | Reached XP level 6. HP: 61/61 MP: 5/5
  2202 | D:4      | Reached skill level 5 in Unarmed Combat
  2472 | D:4      | Reached XP level 7. HP: 67/67 MP: 6/6
  2809 | D:5      | Entered Level 5 of the Dungeon
  2815 | D:5      | Reached skill level 6 in Unarmed Combat
  3101 | D:5      | Noticed Pikel
  3122 | D:5      | Killed Pikel
  3123 | D:5      | Reached skill level 7 in Unarmed Combat
  3123 | D:5      | Reached XP level 8. HP: 51/76 MP: 7/7
  3741 | D:6      | Found Toloucs's Weapon Shoppe.
  3777 | D:5      | Reached skill level 8 in Unarmed Combat
  3935 | D:6      | Found Eziru's Antique Weapon Emporium.
  3979 | D:6      | Reached skill level 1 in Axes
  4073 | D:6      | Reached XP level 9. HP: 28/81 MP: 8/8
  4147 | D:6      | Found Goverop's Assorted Antiques.
  4157 | D:6      | Bought a dented bone amulet for 130 gold pieces
  4325 | D:6      | Found Anau's Antique Armour Shop.
  4460 | D:6      | Found Necuer's Assorted Antiques.
  5489 | D:7      | Found a sacrificial altar of Ru.
  5583 | D:7      | Found a staircase to the Ecumenical Temple.
  5659 | Temple   | Entered the Ecumenical Temple
  5667 | Temple   | Became a worshipper of Gozag Ym Sagoz the Greedy
  5827 | D:8      | Noticed a gargoyle
  5841 | D:7      | Reached skill level 9 in Unarmed Combat
  5846 | D:7      | Reached skill level 1 in Stealth
  5915 | D:8      | Noticed Gastronok
  5968 | D:8      | Killed Gastronok
  5969 | D:8      | Reached skill level 5 in Fighting
  5969 | D:8      | Reached skill level 10 in Unarmed Combat
  5969 | D:8      | Reached XP level 10. HP: 50/96 MP: 4/9
  6113 | D:8      | Reached skill level 5 in Shields
  6226 | D:8      | Found an ornate altar of the Wu Jian Council.
  6285 | D:8      | Killed a gargoyle
  6356 | D:8      | Reached skill level 5 in Armour
  6605 | D:9      | Identified the +12 dagger "Poehacun" {vorpal, +Rage rC+
                  | Int-3}
  6608 | D:9      | Found a staircase to the Orcish Mines.
  6623 | D:9      | Reached skill level 11 in Unarmed Combat
  6632 | D:9      | Noticed Joseph
  6660 | D:9      | Killed Joseph
  7178 | D:9      | Noticed a two-headed ogre
  7191 | D:9      | Killed a two-headed ogre
  7376 | D:9      | Found a bloodstained altar of Trog.
  7399 | D:10     | Entered Level 10 of the Dungeon
  7411 | D:10     | Reached XP level 11. HP: 76/104 MP: 5/10
  7456 | D:10     | Noticed Snorg
  7471 | D:10     | Found Raammim's Magic Scroll Emporium.
  7476 | D:10     | Bought a scroll of fear for 38 gold pieces
  7476 | D:10     | Bought a scroll of acquirement for 572 gold pieces
  7476 | D:10     | Bought a scroll of identify for 22 gold pieces
  7476 | D:10     | Bought a scroll of identify for 22 gold pieces
  7476 | D:10     | Bought a scroll of identify for 22 gold pieces
  7476 | D:10     | Bought a scroll of vulnerability for 82 gold pieces
  7476 | D:10     | Bought a scroll of teleportation for 33 gold pieces
  7476 | D:10     | Acquired a +1 tower shield of protection
  7573 | D:10     | Found Codomiputi's General Store.
  7667 | D:10     | Found Bases's Weapon Boutique.
  8013 | D:10     | Killed an unseen horror
  8014 | D:10     | Reached skill level 12 in Unarmed Combat
  8106 | Orc:1    | Entered Level 1 of the Orcish Mines
  8111 | Orc:1    | Noticed an orc knight
  8122 | D:9      | Reached skill level 5 in Dodging
  8290 | D:10     | Identified the +4 flail of Nemoyqe {vorpal, Fragile rF+
                  | Str+4}
  8611 | D:11     | Found Cuuts's Weapon Emporium.
  8710 | D:11     | Found Biph's Magic Scroll Emporium.
  8722 | D:11     | Found Wogoide's Distillery.
  8727 | D:11     | Found Dul Witi's Jewellery Emporium.
  8729 | D:11     | Bought a potion of brilliance for 48 gold pieces
  8729 | D:11     | Bought a potion of might for 48 gold pieces
  8729 | D:11     | Bought a potion of curing for 36 gold pieces
  8820 | D:11     | Bought a scroll of torment for 120 gold pieces
  8820 | D:11     | Bought a scroll of identify for 32 gold pieces
  8820 | D:11     | Bought a scroll of identify for 32 gold pieces
  8820 | D:11     | Bought a scroll of identify for 32 gold pieces
  8820 | D:11     | Bought a scroll of identify for 32 gold pieces
  8820 | D:11     | Bought a scroll of identify for 32 gold pieces
  9110 | D:11     | Found a portal to a secret trove of treasure.
  9753 | D:12     | Noticed a red ugly thing
  9764 | D:12     | Killed a red ugly thing
  9795 | D:12     | Reached skill level 13 in Unarmed Combat
  9924 | D:12     | Found an opulent altar of Gozag.
  9924 | D:12     | Found Gozag's Platinum Reserve.
 10023 | D:13     | Noticed a skeletal warrior
 10023 | D:13     | Noticed a skeletal warrior
 10023 | D:13     | Noticed a skeletal warrior
 10023 | D:13     | Noticed a skeletal warrior
 10023 | D:13     | Noticed a brown ugly thing
 10035 | D:12     | Killed a skeletal warrior
 10036 | D:12     | Reached XP level 12. HP: 44/115 MP: 4/11
 10295 | D:10     | Found a staircase to the Lair.
 10352 | D:10     | Killed Snorg
 10653 | Lair:1   | Entered Level 1 of the Lair of Beasts
 10858 | Lair:1   | Noticed a six-headed hydra
 10882 | Lair:1   | Killed a one-headed hydra
 11796 | Lair:1   | Reached skill level 1 in Throwing
 11796 | Lair:1   | Reached skill level 1 in Evocations
 11796 | Lair:1   | Reached XP level 13. HP: 124/124 MP: 12/12
 11797 | Lair:1   | Reached skill level 14 in Unarmed Combat
 11797 | Lair:1   | Reached XP level 14. HP: 133/133 MP: 13/13
 11820 | Lair:2   | Noticed Nergalle
 11839 | Lair:2   | Killed Nergalle
 12371 | Lair:2   | Found a staircase to the Swamp.
 13022 | Lair:3   | Found a staircase to the Snake Pit.
 13115 | Lair:3   | Reached skill level 5 in Axes
 13740 | Lair:3   | Bought a scroll of identify for 66 gold pieces
 13740 | Lair:3   | Bought a scroll of blinking for 247 gold pieces
 13740 | Lair:3   | Bought a warped broad axe for 297 gold pieces
 13740 | Lair:3   | Identified the +10 broad axe of Gehenna {venom, rF+ Dex-5
                  | SInv} (You bought it in a shop on level 3 of the Lair of
                  | Beasts)
 13740 | Lair:3   | Bought a slimy war axe for 280 gold pieces
 13740 | Lair:3   | Identified the +12 war axe "Qinouja" {speed, rPois rC-
                  | Will- Str+5} (You bought it in a shop on level 3 of the
                  | Lair of Beasts)
 14052 | Lair:4   | Noticed Josephine
 14065 | Lair:4   | Killed Josephine
 14066 | Lair:4   | Reached XP level 15. HP: 84/138 MP: 8/14
 14794 | Lair:5   | Found a staircase to the Slime Pits.
 15261 | Lair:6   | Entered Level 6 of the Lair of Beasts
 15319 | Lair:6   | Reached skill level 15 in Unarmed Combat
 16194 | Lair:6   | Reached skill level 16 in Unarmed Combat
 17223 | Orc:2    | Entered Level 2 of the Orcish Mines
 17223 | Orc:2    | Found a staircase to the Elven Halls.
 17482 | Orc:2    | Noticed an orc warlord
 17505 | Orc:2    | Killed an orc warlord
 17548 | Orc:2    | Reached XP level 16. HP: 115/156 MP: 10/15
 17889 | Orc:2    | Found Rosm's Armour Shop.
 18161 | Orc:2    | Found Okuguk's Assorted Antiques.
 18161 | Orc:2    | Found Nuost's Magic Scroll Boutique.
 18167 | Orc:2    | Bought a scroll labelled BILIUG YNNUHI for 34 gold pieces
 18167 | Orc:2    | Bought a scroll of teleportation for 102 gold pieces
 18167 | Orc:2    | Bought 2 potions of curing for 204 gold pieces
 18222 | Orc:2    | Found Hidoghak's Armour Shoppe.
 18255 | Orc:2    | Bought the +2 cloak of the Past {rN+ Will+++} for 516 gold
                  | pieces
 18276 | Orc:2    | Found Foist's Jewellery Boutique.
 18364 | Orc:2    | Bought an amulet of reflection for 420 gold pieces
 19038 | D:11     | Bought a ring of poison resistance for 300 gold pieces
 19211 | Snake:1  | Entered Level 1 of the Snake Pit
 19386 | Snake:1  | HP: 6/234 [black mamba (11)]
 19389 | Snake:1  | Slain by an anaconda

Illustrated notes

Levels and vault maps discovered:
D:1:      erik_arrival_orb_chamber, layout_basic
D:2:      layout_basic, yredelemnul_altar_generic, hex_large, minmay_hexomino_r4
D:3:      kennysheep_the_goblin_king, layout_basic, general_overflow_altar,
          cheibriados_altar_1, nicolae_qazlal_general_emergency
D:4:      layout_basic, minmay_vboxes
D:5:      layout_basic, uniq_pikel
D:6:      layout_basic, serial_shops, shop, shop, nicolae_shop_trees, shop,
          shop, grunt_decor_fettered
D:7:      layout_rooms, lemuel_coloured_pillars_altar,
          minmay_temple_entry_sparse_star
D:8:      layout_rooms, nicolae_wu_jian_immortal_techniques, uniq_gastronok
D:9:      layout_basic, lemuel_doored_altar, minmay_orc_entry_temple_small,
          uniq_joseph
D:10:     layout_basic, erik_lair_island, serial_shops, nicolae_shop_crystal,
          nicolae_shop_stone, shop, minmay_statue_bubble, uniq_snorg
D:11:     layout_loops_ring, nicolae_trove_entry_diagonal, serial_park_tiny_2,
          minmay_shop_grid_forest
D:12:     layout_cross, nicolae_gozag_zags_fifth_avenue
D:13:     layout_rooms
Temple:   nicolae_temple_x_marks_the_god
Lair:1:   layout_cave_pods, grunt_megastairs_3, lemuel_fruit_fields
Lair:2:   layout_gridlike, minmay_swamp_entry_swarm, uniq_nergalle
Lair:3:   layout_loops_ring, minmay_snake_entry_guardpost_medium
Lair:4:   layout_roguey, serial_bayou_shore_a, lemuel_fruit_fields,
          grunt_megastairs_4, uniq_josephine
Lair:5:   layout_concentric_octagons, minmay_slime_entry_jelly_boxes,
          infiniplex_staircase_pool_2
Lair:6:   minmay_lair_end_frog_pond, layout_long_grid,
          portal_ice_cave_entry_animals_and_master, serial_bayou_shore_b,
          lemuel_fruit_tree
Snake:1:  layout_rooms, hangedman_snake_pattern, uniq_azrael
Orc:1:    layout_caves
Orc:2:    st_orc_town, layout_diamond_mine, serial_shops, shop, mines2_lemuel

Skill      XL: |  1  2  3  4  5  6  7  8  9 10 11 12 13 14 15 16 |
---------------+-------------------------------------------------+-----
Armour         | 1 2 3 4 5 6 7 8 9 |  9.4
Unarmed Combat | 3 4 5 7 8 10 11 13 14 16 | 16.8
Shields        | 3 4 5 6 7 8 9 |  9.5
Fighting       | 3 4 5 6 7 8 9 |  9.3
Dodging        | 3 4 5 6 7 8 |  8.1
Axes           | 1 2 3 5 |  5.5
Stealth        | 1 |  1.8
Throwing       | 1 2 |  2.5
Evocations     | 1 2 |  2.4

Action                   |  1- 3 |  4- 6 |  7- 9 | 10-12 | 13-15 | 16-18 || total
-------------------------+-------+-------+-------+-------+-------+-------++-------
Melee: Unarmed           |    80 |   145 |   270 |   583 |   729 |   290 ||  2097
       War axe           |       |       |   113 |   102 |   244 |       ||   459
Throw: Large rock        |       |       |       |       |     6 |       ||     6
Invok: Call Merchant     |       |       |       |       |     1 |       ||     1
Evoke: Box of beasts     |       |       |       |     1 |     1 |       ||     2
  Use: Scroll            |       |     3 |    10 |    13 |     6 |     1 ||    33
       Potion            |       |       |     2 |     7 |     6 |     1 ||    16
 Stab: Sleeping          |       |     1 |       |     4 |     6 |     1 ||    12
       Distracted        |       |       |       |     2 |     5 |     2 ||     9
Armor: Robe              |    23 |    20 |    63 |   159 |   209 |    41 ||   515
Dodge: Dodged            |    27 |    75 |   189 |   236 |   356 |   112 ||   995
Block: Kite shield       |    38 |    61 |   197 |   107 |       |       ||   403
       Tower shield      |       |       |       |   456 |  1023 |   389 ||  1868
       Reflection        |       |       |       |       |       |     6 ||     6

Table legend: (Time is in decaauts)
 A = Elapsed time spent in this place.
 B = Non-inter-level travel time spent in this place.
 C = Inter-level travel time spent in this place.
 D = Time resting spent in this place.
 E = Time spent auto-exploring this place.
 F = Levels seen in this place.
 G = Mean time per level.
                   A        B        C        D        E       F      G
               +--------+--------+--------+--------+--------+-----+--------+
         Total |  19720 |  18569 |   1151 |    819 |  12411 |  23 |  857.4 |
       Dungeon |  11119 |  10328 |    791 |    420 |   7195 |  13 |  855.3 |
        Temple |     16 |      8 |      8 |      0 |      0 |   1 |   16.0 |
          Lair |   6551 |   6287 |    264 |    347 |   4046 |   6 | 1091.8 |
     Snake Pit |    167 |    167 |      0 |      0 |     89 |   1 |  167.0 |
  Orcish Mines |   1864 |   1777 |     87 |     52 |   1080 |   2 |  932.0 |
               +--------+--------+--------+--------+--------+-----+--------+

Top non-repeatable levels by time:
    D:10: 1818 daAuts
     D:6: 1588 daAuts
  Lair:6: 1534 daAuts
   Orc:2: 1295 daAuts
  Lair:1: 1289 daAuts
  Lair:2: 1286 daAuts
     D:9: 1160 daAuts
    D:11: 1068 daAuts
  Lair:4: 984 daAuts
     D:5: 977 daAuts
     D:4: 940 daAuts
  Lair:3: 835 daAuts
     D:2: 772 daAuts
     D:7: 643 daAuts
     D:1: 624 daAuts
